AoeStats
← b站江条

Arabia

507567072Analyzed
1v1 RM · 13d ago on Sep 18, 2026· 18m 14s· 2 players
Game mode
Random Map
Map size
Tiny (2 player)
Population
200
Speed
Normal
Resources
Standard
Victory
Conquest
Starting age
Dark Age
Ending age
Imperial Age
RankedLock teamsTeams togetherTeam positionsShared explorationLock speedFull tech treeHidden civsTurbo modeCheats
Victory
Defeat
🇨🇳 Maya · China
1424
+15
🇦🇷 Wei · Argentina
1407
-15
CORP_Solano
7:02 Loom
9:56 Feudal Age
10:12 Man-at-Arms
14:56 Double-Bit Axe
b站江条
0:26 Loom
8:28 Feudal Age
9:24 Double-Bit Axe
16:32 Fletching
Connection lost

Rejoining the realm…

Still unreachable

The connection could not be restored.

Session expired

The server has moved on; the page needs a fresh start.